 Dungeon Sprint DCSS version 0.31-a0-37-g98a128e1d9 (webtiles) character file.

Game seed: 14908137653348877510

20113 sircluck the Wrestler (level 12, -9/132 HPs)
             Began as a Troll Berserker on May 15, 2023.
             Was the Champion of Trog.
             Killed from afar by a blizzard demon (21 damage)
             ... with a bolt of lightning
             ... in the Dungeon (Sprint VII: "The Pits").
             The game lasted 00:08:03 (1690 turns).

sircluck the Wrestler (Troll Berserker)             Turns: 1690, Time: 00:08:04

Health: -9/132     AC: 11    Str: 32    XL:     12   Next: 42%
Magic:  11/11      EV: 16    Int:  3    God:    Trog [******]
Gold:   37         SH:  0    Dex:  9    Spells: 11/11 levels left

rFire   . .          .
                       - Unarmed
rCold   . . .        (no shield)
rNeg    . . .        p - +0 troll leather armour
rPois   .            (helmet restricted)
rElec   .            q - +0 cloak
rCorr   .            (gloves unavailable)
SInv    .            (boots unavailable)
Will    .....        (no amulet)
Stlth   +            m - +3 ring of evasion
HPRegen 2.02/turn    l - +3 ring of protection
MPRegen 0.12/turn

%: no teleportation
@: no status effects
A: large, unfitting armour, claws 3, regeneration 1, shaggy fur 1, tough skin 1
a: Renounce Religion, Berserk, Trog's Hand, Brothers in Arms


You were in the Dungeon.
You worshipped Trog.
Trog was exalted by your worship.
You visited 1 branch You collected 37 gold pieces.

Inventory:

Hand Weapons
 B - the +13 great mace "Ubbyty" {flame, rCorr}
   (Trog gifted it to you in the Dungeon)

   rCorr:     It protects you from acid and corrosion.
Missiles
 g - 8 silver javelins (quivered)
 k - a throwing net
 A - 20 stones
Armour
 a - a +0 animal skin
 p - a +0 troll leather armour (worn)
 q - a +0 cloak (worn)
Jewellery
 l - a +3 ring of protection (right claw)
 m - a +3 ring of evasion (left claw)
 v - a ring of the Octopus King {Wiz HP+2 AC+2 EV+2 SH+2}
   (You found it in the Dungeon)

   [ring of wizardry]

   It improves your spell success rate.
   AC:        It affects your AC (+2).
   EV:        It affects your evasion (+2).
   HP:        It affects your health (+2).
   SH:        It affects your SH (+2).
 w - a ring of positive energy
 x - a ring of protection from fire
 z - a ring of resist corrosion
Wands
 o - a wand of paralysis (4)
 y - a wand of flame (18)
Scrolls
 i - a scroll of summoning
 j - 3 scrolls of fog
 r - 2 scrolls of enchant armour
 s - a scroll of fear
 t - a scroll of blinking
 u - 4 scrolls of enchant weapon
Potions
 b - 9 potions of curing
 c - 9 potions of heal wounds
 d - 2 potions of haste
 e - 4 potions of magic
 f - 7 potions of berserk rage
 h - 2 potions of invisibility
 n - a potion of might


   Skills:
 + Level 12.1 Fighting
 + Level 3.2 Throwing
 + Level 6.4 Armour
 + Level 13.7 Dodging
 + Level 1.9 Stealth
 + Level 22.9 Unarmed Combat


You had 11 spell levels left.
You didn't know any spells.
Your spell library was empty.

Dungeon Overview and Level Annotations

Branches:
Dungeon (1/1)

Altars:
Ashenzari
Cheibriados
Dithmenos
Elyvilon
Fedhas
Gozag
Hepliaklqana
Kikubaaqudgha
Makhleb
Nemelex Xobeh
Okawaru
Qazlal
Ru
Sif Muna
Trog
Uskayaw
Vehumet
Wu Jian
Xom
Yredelemnul
Zin
The Shining One
Jiyva
Lugonu


Innate Abilities, Weirdness & Mutations

You are too large for most types of armour.
You have claws for hands.
Your natural rate of healing is unusually fast.
You are covered in fur. (AC +1)
You have tough skin. (AC +1)


Message History

The spriggan rider hits you but does no damage.
The guardian serpent completely misses you.
The vampire knight hits you with a +3 great sword!!
The vampire knight bites you but does no damage.
Unknown command.
You completely miss the vampire knight. The air elemental hits you.
Your troll closely misses the air elemental.
Your troll completely misses the air elemental.
Your troll claws the air elemental!
The guardian serpent misses you.
You claw the vampire knight!
The vampire knight is moderately damaged.
The air elemental misses you.
Your troll barely misses the air elemental.
Your troll claws the air elemental!!
The air elemental is destroyed!
Trog accepts your kill.
The spriggan rider hits you with a +0 spear!
The vampire knight gestures wildly while chanting.
The vampire knight seems to speed up.
The guardian serpent attacks as you move away!
The guardian serpent hits you!
* * * LOW HITPOINT WARNING * * *
Your troll bites the guardian serpent!!
Your troll misses the guardian serpent.
Your troll claws the guardian serpent.
The vampire knight gestures at you while chanting.
You resist with significant effort. The guardian serpent hits you.
* * * LOW HITPOINT WARNING * * *
The spriggan rider hits you from afar with a +0 spear!
* * * LOW HITPOINT WARNING * * *
Your troll bites the guardian serpent!!
The guardian serpent dies!
Trog accepts your kill.
Trog appreciates your killing of a magic user.
You see here a +2 quarterstaff of flaming.
You swap places.
The vampire knight hits your troll with a +3 great sword!
The vampire knight bites your troll! The blizzard demon gestures at you.
The bolt of lightning hits you!!
You die...

###############..#....#..#
.............''..........#
.............''..........#
######+####..##..#....#..#
#..##..........+ #..##..........+
#..####''####''#
#..####''####''########
#..##.@TV..##.........)
###########..##.#)##.##.....)†...
.............##.#2i3.##..########
.............##.+X:#.##..#
##++###########.#=[' ##..#
##++###########.+|)#. #..#
.........##..##.##+#.##..#
..#......##..##. ##..#
.........''..# #..#


You could see a vampire knight (fast, ally target), a blizzard demon, a spriggan
rider, a sun demon, a large abomination and a friendly troll (summoned,
berserk).

Vanquished Creatures
  A spriggan defender (D)
  A minotaur (D)
  An ogre mage (D)
  An alligator snapping turtle (D)
  A two-headed ogre (D)
  An orc high priest (D)
  A sea snake (D)
  2 shadow wraiths (D)
  A deep troll (D)
  6 elephants (D)
  Maurice (D)
  A cane toad (D)
  A komodo dragon (D)
  A merfolk (D)
  A guardian mummy (D)
  2 tyrant leeches (D)
  A snapping turtle (D)
  3 blink frogs (D)
  A water elemental (D)
  A wyvern (D)
  A jumping spider (D)
  3 spriggans (D)
  Eustachio (D)
  A basilisk (D)
  3 wargs (D)
  3 water moccasins (D)
  2 orc warriors (D)
  Pargi (D)
  2 swamp drakes (D)
  An ice beast (D)
  An ogre (D)
  2 phantoms (D)
  A small abomination (D)
  A scorpion (D)
  An earth elemental (D)
  6 killer bees (D)
  A crimson imp (D)
  2 orc priests (D)
  An iguana (D)
  3 orc wizards (D)
  2 mummies (D)
  2 adders (D)
  A worm (D)
  5 orcs (D)
  2 bats (D)
  A giant cockroach (D)
  2 goblins (D)
  A hobgoblin (D)
  A quokka (D)
  A ball python skeleton (D)
  A quokka zombie (D)
85 creatures vanquished.

Vanquished Creatures (collateral kills)
  A merfolk javelineer (D)
  4 two-headed ogres (D)
  An orc high priest (D)
  An orc knight (D)
  A manticore (D)
  A cyclops (D)
  A guardian serpent (D)
  An orange demon (D)
  3 merfolk (D)
  A troll (D)
  An air elemental (D)
  2 orc warriors (D)
  An ice beast (D)
  2 orc priests (D)
  A hell rat (D)
  An orc wizard (D)
  2 orcs (D)
25 creatures vanquished.

Vanquished Creatures (others)
  An orange demon (D)
  An iguana (D)
  An orc (D)
  A kobold (D)
  A quokka zombie (D)
5 creatures vanquished.

Grand Total: 115 creatures vanquished

Notes
Turn   | Place    | Note
-------+----------+-------------------------------------------
     0 | D        | sircluck the Troll Berserker began the quest for the Orb.
     0 | D        | Reached XP level 1. HP: 22/22 MP: 0/0
    56 | D        | Found a bloodstained altar of Trog.
    56 | D        | Found a shimmering blue altar of Sif Muna.
    56 | D        | Found a viscous altar of Jiyva.
    56 | D        | Found a hazy altar of Hepliaklqana.
    56 | D        | Found an opulent altar of Gozag.
    57 | D        | Found a glowing golden altar of the Shining One.
    57 | D        | Found a glowing silver altar of Zin.
    57 | D        | Found a basalt altar of Yredelemnul.
    57 | D        | Found a shimmering altar of Xom.
    57 | D        | Found an ornate altar of the Wu Jian Council.
    57 | D        | Found a sacrificial altar of Ru.
    57 | D        | Found a stormy altar of Qazlal.
    57 | D        | Found an iron altar of Okawaru.
    57 | D        | Found a sparkling altar of Nemelex Xobeh.
    57 | D        | Found a burning altar of Makhleb.
    57 | D        | Found a blossoming altar of Fedhas.
    57 | D        | Found a white marble altar of Elyvilon.
    57 | D        | Found a shadowy altar of Dithmenos.
    57 | D        | Found a snail-covered altar of Cheibriados.
    59 | D        | Found a radiant altar of Vehumet.
    59 | D        | Found a corrupted altar of Lugonu.
    60 | D        | Found a hide-covered altar of Uskayaw.
    60 | D        | Found an ancient bone altar of Kikubaaqudgha.
    60 | D        | Found a broken altar of Ashenzari.
    93 | D        | Reached ** piety under Trog
    94 | D        | Reached skill level 4 in Unarmed Combat
    94 | D        | Reached XP level 2. HP: 31/31 MP: 1/1
   117 | D        | Noticed an orc warrior
   119 | D        | Reached skill level 5 in Unarmed Combat
   119 | D        | Reached XP level 3. HP: 39/39 MP: 2/2
   121 | D        | Reached *** piety under Trog
   123 | D        | Reached XP level 4. HP: 49/49 MP: 3/3
   127 | D        | Killed an orc warrior
   128 | D        | Reached skill level 5 in Fighting
   128 | D        | Reached skill level 5 in Dodging
   128 | D        | Reached skill level 7 in Unarmed Combat
   128 | D        | Reached XP level 5. HP: 46/57 MP: 4/4
   130 | D        | Reached **** piety under Trog
   198 | D        | Noticed a warg
   200 | D        | Reached skill level 8 in Unarmed Combat
   200 | D        | Reached XP level 6. HP: 65/67 MP: 5/5
   216 | D        | Killed a warg
   216 | D        | Reached ***** piety under Trog
   217 | D        | Reached skill level 9 in Unarmed Combat
   285 | D        | Received a gift from Trog
   310 | D        | Noticed a water moccasin
   315 | D        | Killed a water moccasin
   316 | D        | Reached skill level 10 in Unarmed Combat
   316 | D        | Reached XP level 7. HP: 57/78 MP: 6/6
   345 | D        | Noticed a merfolk
   350 | D        | Killed a merfolk
   351 | D        | Reached skill level 11 in Unarmed Combat
   367 | D        | Received a gift from Trog
   416 | D        | Noticed a spriggan
   422 | D        | Killed a spriggan
   423 | D        | Reached skill level 12 in Unarmed Combat
   425 | D        | Reached XP level 8. HP: 77/88 MP: 7/7
   527 | D        | Noticed an orc knight
   527 | D        | Noticed a cyclops
   535 | D        | Reached skill level 13 in Unarmed Combat
   536 | D        | Killed an orc knight
   537 | D        | Reached skill level 14 in Unarmed Combat
   539 | D        | Killed a cyclops
   540 | D        | Reached XP level 9. HP: 98/98 MP: 8/8
   547 | D        | Noticed Maurice
   547 | D        | Noticed a manticore
   550 | D        | Identified the +7 lajatang of Xelucsyo {antimagic, rF++
                  | Will+ Str+3 Int-5} (Trog gifted it to you in the Dungeon)
   550 | D        | Received a gift from Trog
   552 | D        | Killed Maurice
   553 | D        | Reached skill level 15 in Unarmed Combat
   553 | D        | Killed a manticore
   554 | D        | Reached skill level 10 in Dodging
   728 | D        | Noticed a merfolk javelineer
   728 | D        | Noticed a merfolk
   728 | D        | Noticed a merfolk
   728 | D        | Noticed a merfolk
   728 | D        | Noticed an orc high priest
   728 | D        | Noticed a troll
   728 | D        | Noticed a cane toad
   731 | D        | Killed a troll
   732 | D        | Reached skill level 16 in Unarmed Combat
   736 | D        | Killed an orc high priest
   739 | D        | Killed a merfolk
   740 | D        | Reached XP level 10. HP: 58/109 MP: 9/9
   740 | D        | Killed a merfolk javelineer
   741 | D        | Reached skill level 10 in Fighting
   741 | D        | Reached skill level 17 in Unarmed Combat
   743 | D        | Killed a cane toad
   748 | D        | Reached skill level 1 in Stealth
   775 | D        | Reached skill level 18 in Unarmed Combat
   853 | D        | Received a gift from Trog
   869 | D        | Killed a shadow wraith
   904 | D        | Noticed Pargi
   910 | D        | Killed Pargi
   910 | D        | Reached ****** piety under Trog
   912 | D        | Noticed an alligator snapping turtle
   935 | D        | Killed an alligator snapping turtle
   936 | D        | Reached skill level 1 in Armour
   936 | D        | Reached skill level 19 in Unarmed Combat
   986 | D        | Noticed a deep troll
   986 | D        | Noticed a minotaur
   991 | D        | Killed a deep troll
   999 | D        | Killed a minotaur
  1000 | D        | Reached XP level 11. HP: 51/119 MP: 10/10
  1009 | D        | Received a gift from Trog
  1053 | D        | Noticed an orc high priest
  1064 | D        | Killed a shadow wraith
  1066 | D        | Killed an orc high priest
  1067 | D        | Reached skill level 1 in Throwing
  1067 | D        | Reached skill level 20 in Unarmed Combat
  1077 | D        | Received a gift from Trog
  1080 | D        | Noticed a sea snake
  1100 | D        | Killed a sea snake
  1193 | D        | Found the ring of the Octopus King {Wiz HP+2 AC+2 EV+2
                  | SH+2}
  1196 | D        | Got a ring of the Octopus King {Wiz HP+2 AC+2 EV+2 SH+2}
  1309 | D        | Noticed Eustachio
  1311 | D        | Killed Eustachio
  1311 | D        | Received a gift from Trog
  1321 | D        | Reached skill level 5 in Armour
  1381 | D        | Received a gift from Trog
  1382 | D        | Reached skill level 21 in Unarmed Combat
  1412 | D        | Noticed a two-headed ogre
  1414 | D        | Noticed a two-headed ogre
  1414 | D        | Noticed a two-headed ogre
  1415 | D        | Noticed an ogre mage
  1416 | D        | Noticed a two-headed ogre
  1416 | D        | Noticed a two-headed ogre
  1417 | D        | Killed a two-headed ogre
  1417 | D        | Identified the +13 great mace "Ubbyty" {flame, rCorr} (Trog
                  | gifted it to you in the Dungeon)
  1417 | D        | Received a gift from Trog
  1418 | D        | Reached XP level 12. HP: 130/131 MP: 11/11
  1431 | D        | Killed a two-headed ogre
  1433 | D        | Killed a two-headed ogre
  1436 | D        | Killed a two-headed ogre
  1437 | D        | Reached skill level 22 in Unarmed Combat
  1439 | D        | Killed a two-headed ogre
  1440 | D        | Killed an ogre mage
  1440 | D        | Received a gift from Trog
  1681 | D        | Found the +27 heavy crossbow "Sniper" {heavy, Acc+∞ SInv}
  1681 | D        | Noticed a vampire knight
  1681 | D        | Noticed a spriggan defender
  1681 | D        | Noticed a blizzard demon
  1684 | D        | Killed a spriggan defender
  1684 | D        | Received a gift from Trog
  1690 | D        | Killed from afar by a blizzard demon

Illustrated notes

Levels and vault maps discovered:
D:        pitsprint [storerooms_1, entrance_room_1, metal_vault_2, armoury_1,
          mini_pit_1, grid_room_1, main_hall_1, silver_pit, the_coven_3,
          the_vestibule_1, steel_vault_1, golden_pit, hallway_of_sentries,
          crystal_vault_3, iron_vault_2, final_vault]

Skill      XL: |  1  2  3  4  5  6  7  8  9 10 11 12 |
---------------+-------------------------------------+-----
Fighting       | 3 4 5 6 7 8 9 10 11 12 | 12.1
Dodging        | 3 4 5 6 7 8 9 10 11 13 | 13.7
Unarmed Combat | 4 5 7 8 10 12 14 16 19 21 22 | 22.9
Stealth        | 1 |  1.9
Armour         | 2 5 6 |  6.4
Throwing       | 3 |  3.2

Action                     |  1- 3 |  4- 6 |  7- 9 | 10-12 || total
---------------------------+-------+-------+-------+-------++-------
  Melee: Unarmed           |    18 |    38 |    26 |   164 ||   246
         Punch             |     1 |       |       |    21 ||    22
  Throw: Stone             |       |       |       |    10 ||    10
         Javelin           |       |       |       |     3 ||     3
 Invoke: Berserk           |     1 |     1 |     1 |     1 ||     4
         Brothers in Arms  |       |       |     3 |     6 ||     9
    Use: Potion            |       |       |     1 |     3 ||     4
         Scroll            |       |       |       |     1 ||     1
 Armour: Animal skin       |    12 |    16 |     3 |     2 ||    33
         Troll leather arm |       |       |       |    48 ||    48
  Dodge: Dodged            |    11 |    22 |    19 |   121 ||   173

Table legend: (Time is in decaauts)
 A = Elapsed time spent in this place.
 B = Non-inter-level travel time spent in this place.
 C = Inter-level travel time spent in this place.
 D = Time resting spent in this place.
 E = Time spent auto-exploring this place.
 F = Levels seen in this place.
 G = Mean time per level.
                   A        B        C        D        E       F      G
               +--------+--------+--------+--------+--------+-----+--------+
         Total |   1660 |   1531 |    129 |    332 |    252 |   1 | 1660.0 |
       Dungeon |   1660 |   1531 |    129 |    332 |    252 |   1 | 1660.0 |
               +--------+--------+--------+--------+--------+-----+--------+

Top non-repeatable levels by time:
       D: 1660 daAuts
